 Dungeon Crawl Stone Soup version 0.28.0-1-gb440e238dd (webtiles) character file.

Game seed: 18378327401544074562

2784 Bearnado the Cruncher (level 9, -3/81 HPs)
             Began as a Minotaur Berserker on Feb 22, 2022.
             Was an Elder of Trog.
             Slain by a two-headed ogre (8 damage)
             ... on level 7 of the Dungeon.
             The game lasted 00:25:58 (5521 turns).

Bearnado the Cruncher (Minotaur Berserker)          Turns: 5521, Time: 00:25:59

Health: -3/81      AC:  9    Str: 26    XL:     9   Next: 43%
Magic:  8/8        EV: 11    Int:  4    God:    Trog [****..]
Gold:   247        SH:  0    Dex: 10    Spells: 8/8 levels left

rFire   + . .      SeeInvis .   l - +0 quarterstaff
rCold   . . .      Faith    +   (shield currently unavailable)
rNeg    . . .      Spirit   .   o - +0 scale mail
rPois   .          Reflect  .   (helmet restricted)
rElec   .          Harm     .   (no cloak)
rCorr   +          Rampage  .   A - +0 pair of gloves
Will    .....                   (no boots)
Stlth   ..........              k - amulet of faith
HPRegen 0.23/turn               h - ring of resist corrosion
MPRegen 0.11/turn               D - ring of protection from fire

@: on berserk cooldown, slowed, very slow
A: horns 2, retaliatory headbutt
a: Renounce Religion, Berserk, Trog's Hand, Brothers in Arms


You were on level 7 of the Dungeon.
You worshipped Trog.
Trog was greatly pleased with you.
You visited 1 branch of the dungeon, and saw 7 of its levels.

You collected 247 gold pieces.

Inventory:

Hand Weapons
 a - a +0 spear
 l - a +0 quarterstaff (weapon)
 p - a +0 trident
 r - a +0 flail of protection
 t - a +3 flail
 v - the +3 hand axe of the Valley {vorpal, rPois rCorr Int-4}
   (You found it on level 4 of the Dungeon)

   It inflicts extra damage upon your enemies.
   Int:       It affects your intelligence (-4).
   rPois:     It protects you from poison.
   rCorr:     It protects you from acid and corrosion.
 H - a +0 shortbow
 I - a +3 flail
 J - a +0 long sword
 K - a +0 war axe
 L - a +1 scimitar
Missiles
 c - 120 arrows
 e - 69 sling bullets
 x - 2 boomerangs (quivered)
 z - 13 bolts
Armour
 o - a +0 scale mail (worn)
 u - a +0 buckler
 y - a +0 ring mail of poison resistance
 A - a +0 pair of gloves (worn)
 M - a +0 buckler
Jewellery
 f - an amulet of magic regeneration
 h - a ring of resist corrosion (left hand)
 k - an amulet of faith (around neck)
 C - a ring of magical power
 D - a ring of protection from fire (right hand)
 G - an amulet of regeneration
Wands
 E - a wand of flame (14)
Scrolls
 b - 2 scrolls of blinking {unknown}
 i - 7 scrolls of identify {unknown}
 j - a scroll of summoning {unknown}
 n - 3 scrolls of fog {unknown}
 q - 2 scrolls of enchant armour {unknown}
 s - a scroll of immolation {unknown}
 w - 2 scrolls of fear {unknown}
 B - a scroll of teleportation {unknown}
 F - a scroll of noise {unknown}
Potions
 d - a potion of brilliance {unknown}
 g - 7 potions of curing {unknown}
 m - 2 potions of heal wounds {unknown}


   Skills:
 + Level 8.0 Fighting
 + Level 5.0(8.1) Polearms
 + Level 9.8(10.4) Staves
 + Level 1.8 Throwing
 + Level 7.3 Armour
 + Level 4.8 Dodging
 + Level 0.8 Stealth


You had 8 spell levels left.
You didn't know any spells.
Your spell library was empty.

Dungeon Overview and Level Annotations

Branches:
Dungeon (7/15)             Temple (0/1) D:7

Altars:
Nemelex Xobeh
Sif Muna
Xom


Innate Abilities, Weirdness & Mutations

You have a pair of horns on your head.
You reflexively headbutt those who attack you in melee.


Message History

You sock the killer bee!
The killer bee is severely wounded.
You feel sick. The killer bee barely misses you.
You miss the killer bee.
The killer bee is severely wounded.
You feel sick.
The killer bee stings you but does no damage.
You closely miss the killer bee. You headbutt the killer bee.
The killer bee is almost dead.
You feel sick. The killer bee closely misses you.
You sock the killer bee!
You kill the killer bee!
Trog accepts your kill.
You feel sick.
Your life force feels restored.
Your Fighting skill increases to level 8!
You feel sick.
Things that are here:
a killer bee corpse; a killer bee corpse You feel a strong urge to attack something.
You feel sick.
You are no longer berserk.
You are exhausted.
You feel yourself slow down.
You feel sick.
You feel sick.
A two-headed ogre comes into view. It is wielding two +0 giant clubs.
You feel sick.
The two-headed ogre shouts in stereo!
You feel sick.
You feel sick.
You are no longer poisoned.
You fail to use your ability.
The two-headed ogre barely misses you. You furiously retaliate!
You headbutt the two-headed ogre, but do no damage.
The two-headed ogre closely misses you.
Your two-headed ogre goes berserk!
The two-headed ogre hits you with a +0 giant club!
* * * LOW HITPOINT WARNING * * *
The two-headed ogre hits you with a +0 giant club!
You die...

### ### .. .. .###. #...#
#.O$# #...# ##.##
################.#######.#
#........@OO.....†.......#
##.####################..#
#................. ....#
#..#######..###.. ####..#
#..#........# #...##..
#..#.##.....# #.._..##.
#..#......#...##......##.
#..#.#....#..###.......
#..###.#####.##[.......


You could see a two-headed ogre (ally target) and a friendly two-headed ogre
(summoned, berserk).

Vanquished Creatures
  A two-headed ogre (D:7)
  A sky beast (D:7)
  A black bear (D:5)
  An ogre (D:5)
  2 necrophages (D:5)
  2 centaurs (D:7)
  2 scorpions
  2 water moccasin skeletons
  A wyvern skeleton (D:7)
  7 killer bees (D:7)
  4 wights (D:7)
  A bullfrog zombie (D:6)
  4 hounds
  An orc priest (D:5)
  A jelly (D:4)
  4 centaur skeletons
  A gnoll shaman (D:7)
  2 iguanas
  8 orc wizards
  A hound zombie (D:5)
  8 adders
  4 gnolls (D:4)
  An ufetubus (D:4)
  An adder skeleton (D:4)
  A worm (D:5)
  27 orcs
  7 ball pythons
  7 endoplasms
  6 giant cockroaches
  2 goblins (D:1)
  9 hobgoblins
  4 jackals (D:1)
  6 kobolds
  2 quokkas
  5 bats
  A frilled lizard (D:1)
  6 rats
144 creatures vanquished.

Notes
Turn   | Place    | Note
-------+----------+-------------------------------------------
     0 | D:1      | Bearnado the Minotaur Berserker began the quest for the
                  | Orb.
     0 | D:1      | Reached XP level 1. HP: 19/19 MP: 0/0
   176 | D:1      | Reached XP level 2. HP: 26/27 MP: 1/1
   599 | D:1      | Reached XP level 3. HP: 25/33 MP: 2/2
   617 | D:1      | Reached ** piety under Trog
  1237 | D:2      | Reached XP level 4. HP: 41/41 MP: 3/3
  2116 | D:3      | Reached skill level 5 in Polearms
  2116 | D:3      | Reached skill level 1 in Staves
  2116 | D:3      | Reached XP level 5. HP: 41/47 MP: 4/4
  2271 | D:3      | Reached *** piety under Trog
  2350 | D:4      | Reached skill level 2 in Staves
  2540 | D:4      | Reached skill level 5 in Fighting
  2540 | D:4      | Reached skill level 3 in Staves
  2551 | D:4      | Reached XP level 6. HP: 48/56 MP: 5/5
  2627 | D:4      | Found a shimmering altar of Xom.
  2903 | D:4      | Reached skill level 4 in Staves
  3007 | D:4      | Identified the +3 hand axe of the Valley {vorpal, rPois
                  | rCorr Int-4}
  3281 | D:4      | Reached XP level 7. HP: 60/62 MP: 6/6
  3662 | D:4      | Found a shimmering blue altar of Sif Muna.
  3732 | D:5      | Entered Level 5 of the Dungeon
  3756 | D:5      | Reached skill level 5 in Staves
  3814 | D:5      | Found a sparkling altar of Nemelex Xobeh.
  3934 | D:5      | Reached **** piety under Trog
  4078 | D:5      | Reached skill level 5 in Armour
  4184 | D:5      | Reached skill level 6 in Staves
  4299 | D:5      | Reached XP level 8. HP: 71/71 MP: 7/7
  4578 | D:6      | Reached skill level 7 in Staves
  4919 | D:7      | Found a staircase to the Ecumenical Temple.
  5093 | D:7      | Reached skill level 8 in Staves
  5100 | D:7      | Reached skill level 1 in Throwing
  5332 | D:7      | Noticed a two-headed ogre
  5334 | D:7      | Found a sparkling altar of Nemelex Xobeh.
  5346 | D:7      | Killed a two-headed ogre
  5347 | D:7      | Reached skill level 9 in Staves
  5347 | D:7      | Reached XP level 9. HP: 45/80 MP: 8/8
  5510 | D:7      | Noticed a two-headed ogre
  5521 | D:7      | Slain by a two-headed ogre

Illustrated notes

Levels and vault maps discovered:
D:1:      sevenhm_arrival_forest_fort_small_6, layout_rooms
D:2:      layout_rooms, minmay_tetromino_s2
D:3:      layout_basic, serial_co_window_serial, co_window_paths_a,
          co_window_paths_a, co_window_paths_a, co_window_paths_a,
          co_window_corner_a, co_window_of_opportunity_a, co_window_cross_4,
          co_window_of_opportunity_c, co_window_unsneaky_path_c
D:4:      layout_loops_corners, led_sif_pool, general_overflow_altar
D:5:      layout_basic, nemelex_diamond_rough_becter
D:6:      layout_cave_pools
D:7:      minmay_blocky_corners, layout_basic, lemuel_tele_altar,
          okawaru_trees_1, minmay_temple_entry_trees, minmay_ruined_shrine

Skill      XL: |  1  2  3  4  5  6  7  8  9 |
---------------+----------------------------+-----
Polearms       | 4 5 |  5.0
Fighting       | 4 5 6 7 8 |  8.0
Dodging        | 3 4 |  4.8
Staves         | 1 3 4 6 9 |  9.8
Armour         | 3 5 6 7 |  7.3
Throwing       | 1 |  1.8
Stealth        | |  0.8

Action                   |  1- 3 |  4- 6 |  7- 9 || total
-------------------------+-------+-------+-------++-------
Melee: Spear             |   107 |       |       ||   107
       Headbutt          |    11 |    18 |    30 ||    59
       Punch             |     2 |       |       ||     2
       Quarterstaff      |     5 |   119 |   176 ||   300
Throw: Boomerang         |       |       |     6 ||     6
Invok: Berserk           |       |     4 |     7 ||    11
       Brothers in Arms  |       |       |     1 ||     1
  Use: Potion            |     2 |       |       ||     2
Armor: Animal skin       |    15 |       |       ||    15
       Scale mail        |       |    54 |    60 ||   114
Dodge: Dodged            |    44 |    64 |    81 ||   189
